 Dungeon Crawl Stone Soup version 0.30-a0-782-ge64f9170bb (webtiles) character file.

Game seed: 301633346912106902

2602 HoaS the Grappler (level 9, -8/73 HPs)
             Began as a Ghoul Gladiator on Mar 8, 2023.
             Was a Follower of Makhleb.
             Mangled by a two-headed ogre
             ... wielding a +0 giant spiked club
              (9 damage)
             ... on level 6 of the Dungeon.
             The game lasted 00:11:46 (5545 turns).

HoaS the Grappler (Ghoul Gladiator)                 Turns: 5545, Time: 00:11:46

Health: -8/73      AC: 16    Str: 22    XL:     9   Next: 59%
Magic:  8/8        EV:  7    Int:  3    God:    Makhleb [*.....]
Gold:   366        SH:  0    Dex: 10    Spells: 8/8 levels left

rFire   . . .      SeeInvis .      - Unarmed
rCold   + . .      Faith    .    (no shield)
rNeg    + + +      Spirit   .    v - +0 plate armour
rPois   ∞          Reflect  .    b - +1 helmet
rElec   .          Harm     .    q - +1 cloak {rCorr}
rCorr   +          Rampage  .    (no gloves)
Will    .....                    (no boots) Stlth
                                 (no amulet)
HPRegen 0.00/turn                p - ring of resist corrosion
MPRegen 0.11/turn                (no ring)

@: mighty, inhibited regen, studying Unarmed Combat
A: claws 1, cold resistance 1, negative energy resistance 3, inhibited
regeneration, torment resistance 2, devour on kill
a: Renounce Religion


You were on level 6 of the Dungeon.
You worshipped Makhleb.
Makhleb was aware of your devotion.
You visited 2 branches of the dungeon, and saw 7 of its levels.

You collected 366 gold pieces.

Inventory:

Missiles
 c - 5 throwing nets (quivered)
 d - a javelin
 o - 25 poisoned darts
Armour
 b - a +1 helmet (worn)
 q - a +1 cloak of preservation (worn)
 v - a +0 plate armour (worn)
Jewellery
 p - a ring of resist corrosion (left claw)
Wands
 i - a wand of flame (15)
 l - a wand of iceblast (9)
 m - a wand of polymorph (10)
Scrolls
 a - a scroll of magic mapping
 j - a scroll of teleportation
 n - 2 scrolls of fear
 w - a scroll of blinking {unknown}
Potions
 e - a potion of curing
 f - a potion of flight
 g - a potion of might
 h - 3 potions of attraction
 k - a potion of cancellation {unknown}
 r - 2 potions of haste
 s - a potion of ambrosia {unknown}
 t - a potion of berserk rage {unknown}
 u - a potion of magic {unknown}


   Skills:
 + Level 4.9 Fighting
 - Level 1.7 Throwing
 + Level 4.5 Armour
 + Level 4.5 Dodging
 + Level 13.4 Unarmed Combat


You had 8 spell levels left.
You didn't know any spells.
Your spell library contained the following spells:

 Spells                   Type           Power      Damage    Failure   Level
 Sandblast                Erth           0%         2d4       100%        1
 Lesser Beckoning         Tloc           0%         N/A       100%        2
 Passwall                 Tmut/Erth      0%         N/A       100%        2
 Gell's Gravitas          Tloc           0%         N/A       100%        3
 Stone Arrow              Conj/Erth      0%         3d7       100%        3
 Teleport Other           Tloc           0%         N/A       100%        3


Dungeon Overview and Level Annotations

Branches:
Dungeon (6/15)             Temple (1/1) D:4

Altars:
Cheibriados
Dithmenos
Fedhas
Hepliaklqana
Kikubaaqudgha
Makhleb
Nemelex Xobeh
Okawaru
Qazlal
Ru
Sif Muna
Trog
Uskayaw
Vehumet
Wu Jian


Innate Abilities, Weirdness & Mutations

You are immune to poison.
You have sharp fingernails.
Your flesh is cold resistant. (rC+)
You are immune to negative energy. (rN+++)
You do not regenerate when monsters are visible.
You are immune to unholy pain and torment.
You thrive by killing the living.


Message History

a +0 battleaxe; a +0 plate armour; an orc corpse You claw the troll!
The troll is moderately wounded.
The troll bites you! The troll claws you! The troll completely misses you.
You barely miss the troll.
The troll is moderately wounded.
The troll barely misses you. The troll claws you but does no damage.
The troll claws you.
You scratch the troll. You claw the troll!
The troll is severely wounded.
The troll bites you but does no damage. The troll completely misses you.
The troll claws you!
You claw the troll!
The troll is almost dead.
You closely miss the troll. You claw the troll!
You kill the troll!
Makhleb accepts your kill.
The troll leather armour is intact enough to wear.
You start resting.
HP restored.
Found a ring mail.
Things that are here:
a +0 troll leather armour; a troll corpse
There is an open door here.
The two-headed ogre shouts in stereo!
The vampire mosquito buzzes angrily.
A two-headed ogre is nearby!
You feel very mighty all of a sudden.
The two-headed ogre hits you with a +0 giant spiked club! x2
You completely miss the two-headed ogre.
You barely miss the two-headed ogre.
The two-headed ogre hits you with a +0 giant spiked club!!
The two-headed ogre hits you with a +0 giant spiked club.
You barely miss the two-headed ogre. You claw the two-headed ogre!
The two-headed ogre is lightly wounded.
You claw the two-headed ogre!
The two-headed ogre is moderately wounded.
The two-headed ogre hits you with a +0 giant spiked club!!
* * * LOW HITPOINT WARNING * * *
The two-headed ogre hits you with a +0 giant spiked club!
You die...

..#...#...#.#
#'########......
..........†.# ####†8#
#.....)
###########)###.)'..+
#...... #.#.##.[8#..#
#......
#...##.#######
#......
#....#'#!!([:(#
#######
####.#.####+###.
#.#..8#..#8..#
#.##.@O..+y.##
#..####8.# #######
##...#########
#...... ###
###.....#...# #......
..#
#####...#.###......
#.#####
##.†...........
#.....#
#.#..#.......#
#####.#
#.#....#.###.#
......#
##########.#.##.#.#
#..


You could see a two-headed ogre.

Vanquished Creatures
  A troll (D:6)
  Sigmund (D:3)
  Menkaure (D:4)
  Edmund (D:4)
  A water moccasin (D:4)
  An orc warrior (D:6)
  2 black bears
  3 ogres
  2 kobold brigands (D:6)
  2 phantoms
  A gnoll sergeant (D:6)
  A bullfrog (D:5)
  A necrophage (D:5)
  4 scorpions
  A jelly (D:6)
  Crazy Yiuf (D:3)
  5 hounds
  2 orc priests
  Terence (D:2)
  Jessica (D:3)
  Ijyb (D:3)
  2 orc wizards (D:3)
  7 gnolls
  10 adders
  A white imp (D:5)
  2 worms
  3 dart slugs
  6 orcs
  5 bats
  5 endoplasms
  3 giant cockroaches
  11 goblins
  6 hobgoblins
  8 jackals
  2 quokkas
  12 ball pythons
  4 frilled lizards
  16 kobolds
  10 rats
147 creatures vanquished.

Vanquished Creatures (others)
  6 plants (D:2)
6 creatures vanquished.

Grand Total: 153 creatures vanquished

Notes
Turn   | Place    | Note
-------+----------+-------------------------------------------
     0 | D:1      | HoaS the Ghoul Gladiator began the quest for the Orb.
     0 | D:1      | Reached XP level 1. HP: 17/17 MP: 0/0
   177 | D:1      | Reached XP level 2. HP: 15/24 MP: 1/1
   297 | D:1      | Reached skill level 4 in Unarmed Combat
   333 | D:1      | Reached skill level 1 in Armour
   404 | D:1      | Reached XP level 3. HP: 23/29 MP: 2/2
   971 | D:2      | Identified the ring "Huotopo" {Fly rC+ Will+ Str-3 Int+8}
   997 | D:2      | Reached XP level 4. HP: 34/36 MP: 3/3
  1162 | D:2      | Reached skill level 5 in Unarmed Combat
  1162 | D:2      | Noticed Terence
  1188 | D:2      | Killed Terence
  1189 | D:2      | Reached XP level 5. HP: 21/41 MP: 4/4
  2247 | D:3      | Reached skill level 6 in Unarmed Combat
  2304 | D:3      | Noticed Ijyb
  2324 | D:3      | Killed Ijyb
  2325 | D:3      | Reached XP level 6. HP: 40/48 MP: 5/5
  2538 | D:3      | Noticed Sigmund
  2576 | D:3      | Killed Sigmund
  2577 | D:3      | Reached skill level 7 in Unarmed Combat
  2681 | D:3      | Noticed Jessica
  2684 | D:3      | Killed Jessica
  2685 | D:3      | Reached XP level 7. HP: 55/55 MP: 6/6
  2850 | D:3      | Found a runed translucent door.
  2851 | D:3      | Noticed Crazy Yiuf
  2937 | D:3      | Killed Crazy Yiuf
  3044 | D:4      | Reached skill level 8 in Unarmed Combat
  3105 | D:4      | Noticed Menkaure
  3157 | D:4      | Killed Menkaure
  3183 | D:4      | Reached skill level 9 in Unarmed Combat
  3198 | D:4      | Found a staircase to the Ecumenical Temple.
  3202 | D:4      | Identified a scroll of acquirement
  3202 | D:4      | Acquired a manual of Unarmed Combat
  3212 | Temple   | Entered the Ecumenical Temple
  3402 | Temple   | Became a worshipper of Makhleb the Destroyer
  3677 | D:4      | Reached skill level 10 in Unarmed Combat
  3677 | D:4      | Reached XP level 8. HP: 61/61 MP: 7/7
  3686 | D:4      | Reached skill level 11 in Unarmed Combat
  3732 | D:4      | Noticed Edmund
  3743 | D:4      | Killed Edmund
  3744 | D:4      | Reached skill level 12 in Unarmed Combat
  4088 | D:5      | Entered Level 5 of the Dungeon
  4174 | D:5      | Reached * piety under Makhleb
  4650 | D:6      | Reached XP level 9. HP: 70/70 MP: 8/8
  4886 | D:6      | Found a bloodstained altar of Trog.
  5084 | D:6      | Reached skill level 13 in Unarmed Combat
  5409 | D:6      | Noticed a troll
  5420 | D:6      | Killed a troll
  5538 | D:6      | Noticed a two-headed ogre
  5545 | D:6      | HP: 1/73 [two-headed ogre/+0 giant spiked club (20)]
  5545 | D:6      | Mangled by a two-headed ogre

Illustrated notes

Levels and vault maps discovered:
D:1:      shiori_arrival_oz, layout_basic, serial_corexii_hall,
          corexii_hall_statues_u, chequers_hall_statues_corner_a,
          chequers_hall_statues_wall_a, corexii_hall_statues_u,
          chequers_serial_rivers_micro_a, dk_noncrumbling_4,
          dreamdust_wishing_well
D:2:      layout_basic, nicolae_grassy_gnolls, uniq_terence
D:3:      wander_river, layout_basic, uniq_sigmund, uniq_crazy_yiuf_cottage,
          uniq_ijyb, uniq_jessica
D:4:      cheibrodos_barr_body, layout_basic, minmay_temple_entry_poolview,
          uniq_edmund, uniq_menkaure
D:5:      layout_rooms, serial_park_tiny_1, minmay_hedge_maze
D:6:      minmay_chambers_of_sixes, layout_basic, lemuel_coloured_pillars_altar,
          serial_curves, eino_curves_03, eino_curves_02
Temple:   eino_temple_rhombus

Skill      XL: |  1  2  3  4  5  6  7  8  9 |
---------------+----------------------------+-----
Unarmed Combat | 4 5 6 7 10 12 13 | 13.4
Armour         | 1 2 3 4 |  4.5
Dodging        | 3 4 |  4.5
Fighting       | 3 4 |  4.9
Throwing       | |  1.7

Action                     |  1- 3 |  4- 6 |  7- 9 || total
---------------------------+-------+-------+-------++-------
  Melee: Unarmed           |   104 |   147 |   229 ||   480
         Punch             |     1 |     7 |    10 ||    18
    Use: Scroll            |     4 |     5 |     8 ||    17
         Potion            |       |       |     1 ||     1
 Armour: Leather armour    |    13 |       |       ||    13
         Ring mail         |    14 |    21 |       ||    35
         Scale mail        |       |    34 |    45 ||    79
         Plate armour      |       |       |    41 ||    41
  Dodge: Dodged            |    57 |    98 |    69 ||   224

Table legend: (Time is in decaauts)
 A = Elapsed time spent in this place.
 B = Non-inter-level travel time spent in this place.
 C = Inter-level travel time spent in this place.
 D = Time resting spent in this place.
 E = Time spent auto-exploring this place.
 F = Levels seen in this place.
 G = Mean time per level.
                   A        B        C        D        E       F      G
               +--------+--------+--------+--------+--------+-----+--------+
         Total |   5500 |   5400 |    100 |    685 |   3623 |   7 |  785.7 |
       Dungeon |   5299 |   5218 |     81 |    685 |   3454 |   6 |  883.2 |
        Temple |    200 |    181 |     19 |      0 |    169 |   1 |  200.0 |
               +--------+--------+--------+--------+--------+-----+--------+

Top non-repeatable levels by time:
     D:2: 1139 daAuts
     D:6: 1017 daAuts
     D:3: 1000 daAuts
     D:4: 890 daAuts
     D:1: 840 daAuts
     D:5: 410 daAuts
  Temple: 200 daAuts
